 Seeded DCSS version 0.28-a0-724-g66f9036 (webtiles) character file.

Game seed: 7239101229011034337 (custom seed)

634 NeededCrab the Covered (level 7, -10/50 HPs)
             Began as a Djinni Fighter on Oct 26, 2021.
             Was an Initiate of Elyvilon.
             Mangled by an ogre (20 damage)
             ... on level 5 of the Dungeon.
             The game lasted 00:19:48 (6082 turns).

NeededCrab the Covered (Djinni Fighter)             Turns: 6082, Time: 00:19:48

Health: -10/50     AC:  6    Str: 15    XL:     7   Next: 79%
Gold:   164        EV: 10    Int: 12    God:    Elyvilon [......] SH:  5 Dex: 12

rFire   + + .      SeeInvis .   l - +5 short sword (venom)
rCold   x . .      Faith    .   c - +0 buckler
rNeg    . . .      Spirit   .   k - +0 ring mail
rPois   ∞          Reflect  .   (no helmet)
rElec   .          Harm     .   (no cloak)
rCorr   .          Rampage  .   (no gloves)
Will    .....                   (boots unavailable)
Stlth   +.........              (no amulet)
HPRegen 0.16/turn               (no ring)
MPRegen 0.00/turn               (no ring)

@: flying
A: sickness immunity, fire resistance 2, cold vulnerability 1, float, innate
caster, hp casting, extra vitality 1
a: Renounce Religion


You were on level 5 of the Dungeon.
You worshipped Elyvilon.
Elyvilon was noncommittal.
You visited 2 branches of the dungeon, and saw 6 of its levels.

You collected 164 gold pieces.

Inventory:

Hand Weapons
 a - a +0 long sword
 l - a +5 short sword of venom (weapon)
Armour
 b - a +0 scale mail
 c - a +0 buckler (worn)
 g - a +0 leather armour
 k - a +0 ring mail (worn)
 o - a +1 robe of willpower
Scrolls
 e - 4 scrolls of identify {unknown}
 f - 2 scrolls of fog {unknown}
 h - a scroll of enchant weapon {unknown}
 j - a scroll of amnesia {unknown}
 m - a scroll of noise {unknown}
 p - a scroll of teleportation {unknown}
 r - a scroll of blinking {unknown}
Potions
 d - a potion of might
 i - a potion of flight {unknown}
 n - a potion of brilliance {unknown}
 q - a potion of mutation {unknown}


   Skills:
 - Level 3.2 Fighting
 + Level 4.0 Long Blades
 + Level 4.5 Armour
 - Level 4.0 Shields
 * Level 3.4 Spellcasting
 + Level 1.1 Invocations


You had 7 spell levels left.
You knew the following spells:

 Your Spells              Type           Power      Damage    Failure   Level
a - Sting                 Tmut/Pois      40%        1d5       11%         1
b - Searing Ray           Conj           20%        2d5       16%         2
c - Scorch                Fire           20%        2d6       16%         2
Your spell library was empty.

Dungeon Overview and Level Annotations

Branches:
Dungeon (5/15)             Temple (1/1) D:4

Altars:
Cheibriados
Dithmenos
Elyvilon
Fedhas
Gozag
Kikubaaqudgha
Makhleb
Ru
Trog
Uskayaw
Vehumet
Wu Jian
Yredelemnul
Zin

Annotations:
D:3 Edmund


Innate Abilities, Weirdness & Mutations

You are immune to sickness and miasma.
You are immune to poison.
Your flesh is very heat resistant. (rF++)
You are vulnerable to cold. (rC-)
You float through the air rather than walking.
You learn spells naturally, not from books.
Your magical power is your life essence.
You have superior vitality. (+4 HP)


Message History

You hit the adder skeleton.
The adder skeleton is almost destroyed.
The adder skeleton barely misses you.
You barely miss the adder skeleton.
The adder skeleton is almost destroyed.
The adder skeleton barely misses you.
You hit the adder skeleton.
You destroy the adder skeleton!
The quokka bites you.
You hit the quokka.
You kill the quokka!
No target in view!
No target in view!
You now have 150 gold pieces (gained 8).
You see here a +0 hunting sling.
You now have 164 gold pieces (gained 14).
Found a stone staircase leading up.
There is a stone staircase leading up here.
There is a stone staircase leading up here.
An ogre comes into view. It is wielding a +0 giant spiked club.
The ogre shouts!
You see here a potion of curing.
Casting: Sting (safe; 11% risk of failure)
Confirm with . or Enter, or press ? or * to list all spells.
Aiming: Sting (safe; 11% risk of failure)
Press: ? - help, Shift-Dir - straight line, f - ogre
Aim: an ogre, wielding a +0 giant spiked club (86% to hit)
The sting hits the ogre.
The ogre is poisoned.
The ogre is lightly wounded.
The ogre hits you with a +0 giant spiked club!
You puncture the ogre!
The ogre is heavily wounded.
The ogre hits you with a +0 giant spiked club!!
Ouch! That really hurt!
* * * LOW HITPOINT WARNING * * *
The ogre looks more healthy.
There is a stone staircase leading up here.
There is a stone staircase leading up here.
The ogre hits you with a +0 giant spiked club!!
You die...

#.# #.#
#.#
#####.#
#.....#
#.#####
#.#
#.#######
#......@#
#######O#
#.# #.#
#.# #.#
#.#
######.#
#......#


You could see an ogre.

Vanquished Creatures
  A sky beast (D:4)
  A phantom (D:2)
  Blork the orc (D:5)
  A scorpion (D:5)
  A howler monkey (D:4)
  An orc priest (D:4)
  A jelly (D:3)
  A centaur skeleton (D:5)
  An iguana (D:3)
  An orc wizard (D:4)
  Robin (D:3)
  7 adders
  An adder skeleton (D:5)
  A worm (D:2)
  A dart slug (D:3)
  7 orcs
  6 ball pythons
  6 endoplasms
  2 giant cockroaches
  12 goblins
  9 hobgoblins
  3 kobolds (D:2)
  5 quokkas
  6 bats
  4 frilled lizards
  3 rats (D:1)
84 creatures vanquished.

Notes
Turn   | Place    | Note
-------+----------+-------------------------------------------
     0 | D:1      | NeededCrab the Djinni Fighter began the quest for the Orb.
     0 | D:1      | Reached XP level 1. HP: 20/20 MP: 0/0
   365 | D:1      | Reached XP level 2. HP: 17/25 MP: 0/0
  1973 | D:2      | Reached XP level 3. HP: 27/30 MP: 0/0
  1973 | D:2      | Learned a level 1 spell: Sting
  2613 | D:3      | Reached XP level 4. HP: 31/35 MP: 0/0
  2615 | D:3      | Noticed a phantom
  2864 | D:2      | Killed a phantom
  2865 | D:2      | Reached skill level 1 in Spellcasting
  2865 | D:2      | Reached XP level 5. HP: 25/40 MP: 0/0
  2865 | D:2      | Learned a level 2 spell: Searing Ray
  3228 | D:3      | Noticed Robin
  3243 | D:3      | Killed Robin
  3607 | D:4      | Reached XP level 6. HP: 46/46 MP: 0/0
  4018 | D:4      | Noticed a sky beast
  4323 | D:4      | Reached XP level 7. HP: 50/50 MP: 0/0
  4323 | D:4      | Learned a level 2 spell: Scorch
  4401 | D:4      | Noticed Edmund
  4467 | D:3      | HP: 2/50 [Edmund/stone (3)]
  5065 | D:4      | Found a staircase to the Ecumenical Temple.
  5074 | Temple   | Entered the Ecumenical Temple
  5191 | Temple   | Became a worshipper of Elyvilon the Healer
  5552 | D:5      | Entered Level 5 of the Dungeon
  5692 | D:5      | Noticed Blork the orc
  5720 | D:5      | Killed Blork the orc
  5721 | D:5      | Reached skill level 1 in Invocations
  6082 | D:5      | Mangled by an ogre

Illustrated notes

Levels and vault maps discovered:
D:1:      mrwooster_arrival_statue_2, layout_basic, serial_co_window_serial,
          co_window_paths_a, co_window_corner_a, co_window_paths_b,
          co_window_of_opportunity_a, co_window_corner_a,
          co_window_of_opportunity_a, co_window_corner_a, co_window_paths_b,
          co_window_paths_a, co_window_broadway_c, co_window_paths_c,
          co_window_corner_cb, co_window_corner_b, co_window_cross_4,
          glass_columns_b
D:2:      mumra_celtic_spiral_tile, layout_basic
D:3:      layout_rooms, uniq_robin
D:4:      layout_basic, minmay_temple_entry_crystal_x, uniq_edmund
D:5:      layout_loops_ring, minmay_overflow_temple_hex, uniq_ijyb,
          uniq_blork_the_orc
Temple:   zaba_magenta_temple

Skill      XL: |  1  2  3  4  5  6  7 |
---------------+----------------------+-----
Long Blades    | 2 3 4 |  4.0
Shields        | 4 |  4.0
Spellcasting   | 1 2 3 |  3.4
Armour         | 4 |  4.5
Invocations    | 1 |  1.1
Fighting       | |  3.2

Action                   |  1- 3 |  4- 6 |  7- 9 || total
-------------------------+-------+-------+-------++-------
Melee: Long sword        |    44 |       |       ||    44
       Short sword       |    17 |   105 |    35 ||   157
 Cast: Sting             |       |    16 |    12 ||    28
       Scorch            |       |       |     8 ||     8
       Searing Ray       |       |       |     4 ||     4
  Use: Potion            |       |       |     4 ||     4
Armor: Scale mail        |    19 |       |       ||    19
       Ring mail         |    10 |    27 |     9 ||    46
Dodge: Dodged            |    17 |    32 |    28 ||    77
Block: Buckler           |    11 |    18 |    10 ||    39

Table legend: (Time is in decaauts)
 A = Elapsed time spent in this place.
 B = Non-inter-level travel time spent in this place.
 C = Inter-level travel time spent in this place.
 D = Time resting spent in this place.
 E = Time spent auto-exploring this place.
 F = Levels seen in this place.
 G = Mean time per level.
                   A        B        C        D        E       F      G
               +--------+--------+--------+--------+--------+-----+--------+
         Total |   6104 |   6009 |     95 |    766 |   3987 |   6 | 1017.3 |
       Dungeon |   5974 |   5891 |     83 |    766 |   3937 |   5 | 1194.8 |
        Temple |    130 |    118 |     12 |      0 |     50 |   1 |  130.0 |
               +--------+--------+--------+--------+--------+-----+--------+

Top non-repeatable levels by time:
     D:1: 1591 daAuts
     D:4: 1544 daAuts
     D:2: 1413 daAuts
     D:3: 894 daAuts
     D:5: 529 daAuts
  Temple: 130 daAuts
